 Dungeon Crawl Stone Soup version 0.21.1-1-g345015f (webtiles) character file.

350 Fang the Chopper (level 6, -8/39 HPs)
             Began as a Gargoyle Berserker on May 2, 2018.
             Was a Believer of Trog.
             Mangled by an ogre
             ... wielding a +0 giant club
              (9 damage)
             ... on level 4 of the Dungeon.
             The game lasted 00:06:37 (2704 turns).

Fang the Chopper (Gargoyle Berserker)               Turns: 2704, Time: 00:06:38

Health: -8/39      AC:  9    Str: 23    XL:     6   Next: 61%
Magic:  6/6        EV: 13    Int:  7    God:    Trog [**....]
Gold:   194        SH:  0    Dex:  9    Spells: 5/5 levels left

rFire    . . .     SeeInvis .   l - +2 flail (drain)
rCold    . . .     Gourm    .   (no shield)
rNeg     + . .     Faith    .   b - +0 animal skin
rPois    ∞         Spirit   .   (no helmet)
rElec    +         Reflect  .   (no cloak)
rCorr    .         Harm     .   (no gloves)
MR       .....                  (no boots)
Stlth    +.........             h - amulet of inaccuracy (curse)
HPRegen  0.13/turn              g - +3 ring of protection
MPRegen  0.10/turn              (no ring)

@: berserk cooldown, slowed, very slow
A: negative energy resistance 1, electricity resistance, unbreathing,
petrification resistance, rot immunity, AC +4
a: Berserk, Trog's Hand, Burn Spellbooks, Renounce Religion


You were on level 4 of the Dungeon.
You worshipped Trog.
Trog was pleased with you.
You were not hungry.

You visited 1 branch of the dungeon, and saw 5 of its levels.

You collected 194 gold pieces.

Inventory:

Hand Weapons
 a - a +0 hand axe
 l - a +2 flail of draining (weapon)
Armour
 b - a +0 animal skin (worn)
Jewellery
 g - a +3 ring of protection (left hand)
 h - a cursed amulet of inaccuracy (around neck)
Scrolls
 d - 3 scrolls of identify {unknown}
 e - 2 scrolls of enchant weapon {unknown}
 f - 4 scrolls of remove curse {unknown}
 i - 4 scrolls of fear {unknown}
Potions
 j - a potion of haste {unknown}
 k - a potion of curing {unknown}
Comestibles
 c - 4 rations


   Skills:
 + Level 4.3 Fighting
 + Level 4.8(4.9) Axes
 + Level 0.5(3.3) Maces & Flails
 + Level 2.3 Armour
 + Level 3.3 Dodging
 + Level 1.0 Stealth


You had 5 spell levels left.
You didn't know any spells.

Dungeon Overview and Level Annotations

Branches:
Dungeon (5/15)
 Temple: D:4-7

Altars:


Innate Abilities, Weirdness & Mutations

You are resistant to torment.
Your stone body is resilient. (AC +4)
You are immune to poison.
You resist negative energy. (rN+)
You are resistant to electric shocks. (rElec)
You can survive without breathing.
You are immune to petrification.
You are immune to rotting.


Message History

You kill the orc!
Trog accepts your kill.
You start resting.
Eating a chunk of flesh.
You eat the chunk of flesh.
This raw flesh tastes terrible.
An ogre comes into view. It is wielding a giant club.
The ogre shouts!
You sock the ogre!
The ogre is moderately wounded.
The ogre hits you with a giant club!
* * * LOW HITPOINT WARNING * * *
You sock the ogre! You drain the ogre!
The ogre is almost dead.
The ogre hits you with a giant club.
* * * LOW HITPOINT WARNING * * *
The ogre barely misses you.
You completely miss the ogre.
The ogre is almost dead.
The ogre barely misses you. The ogre hits you with a giant club!
You die...

..# ..# .: #.# #.#
#..........# #.#
#.###..........# #.#
#..##..........#
####.###........>.....#
.............(....)...#
.....................#
...<...#............#
#.##............@# #
#..†.........O.#
#.....#....#<###
.......#[.!.#.#
.##........#o#.#
.......#.......
...........#...
................
...####..).?.


You could see an ogre.

Vanquished Creatures
  The ghost of oholoko the Stinger, an amateur KoVM (D:4)
  A worker ant (D:4)
  8 adders
  3 oozes
  3 worms
  2 dart slugs (D:2)
  3 leopard geckos
  2 orcs
  A ball python (D:2)
  4 bats
  5 giant cockroaches
  7 goblins
  16 hobgoblins
  6 jackals
  A quokka (D:3)
  4 frilled lizards
  3 kobolds
  A leopard gecko skeleton (D:2)
  11 rats
  A bush (D:2)
  2 plants (D:2)
85 creatures vanquished.

Notes
Turn   | Place    | Note
-------+----------+-------------------------------------------
     0 | D:1      | Fang the Gargoyle Berserker began the quest for the Orb.
     0 | D:1      | Reached XP level 1. HP: 14/14 MP: 1/1
    93 | D:1      | Reached XP level 2. HP: 17/19 MP: 2/2
   419 | D:1      | Reached XP level 3. HP: 24/24 MP: 3/3
   542 | D:1      | Reached ** piety under Trog
   815 | D:2      | Reached XP level 4. HP: 25/29 MP: 4/4
  1744 | D:3      | Reached XP level 5. HP: 19/33 MP: 5/5
  2552 | D:4      | Noticed oholoko's ghost (amateur KoVM)
  2562 | D:5      | Entered Level 5 of the Dungeon
  2692 | D:4      | Killed oholoko's ghost
  2692 | D:4      | Reached skill level 1 in Stealth
  2692 | D:4      | Reached XP level 6. HP: 33/39 MP: 6/6
  2702 | D:4      | HP: 1/39 [ogre/giant club (6)]
  2704 | D:4      | Mangled by an ogre

Skill      XL: |  1  2  3  4  5 |
---------------+----------------+-----
Axes           | 3 4 |  4.8
Dodging        | 2 3 |  3.3
Fighting       | 4 |  4.3
Stealth        | 1 |  1.0
Maces & Flails | |  0.5
Armour         | |  2.3

Action                   |  1- 3 |  4- 6 || total
-------------------------+-------+-------++-------
Melee: Hand axe          |   124 |   415 ||   539
       Flail             |       |    19 ||    19
Invok: Berserk           |       |     2 ||     2
 Stab: Sleeping          |       |     3 ||     3
  Eat: Chunk             |       |     9 ||     9
Armor: Animal skin       |    57 |   105 ||   162
Dodge: Dodged            |   106 |   183 ||   289
